[Event "Live Chess"]
[Site "Chess.com"]
[Date "2024.06.02"]
[Round "-"]
[White "Cruiseylee78"]
[Black "Outspanner"]
[Result "0-1"]
[WhiteElo "1687"]
[BlackElo "1565"]
[TimeControl "300"]
[EndTime "16:31:35 PDT"]
[Termination "Outspanner won by resignation"]

1. d4 Nf6 2. Bf4 c5 3. e3 Qb6 4.
b3 cxd4 5. exd4 g6 6. Nf3 Bg7 7.
Bd3 O-O 8. Nbd2 Nc6 9. c3 d6 10.
Qc2 Bg4 11. h3 Bxf3 12. Nxf3 e5 13. dxe5 dxe5 14. Bg5 e4 15. Bxf6 exd3 16. Qxd3 Bxf6 17. h4 Rfe8+ 18. Kd2 Qxf2+ 19. Kc1 Re3 20. Rf1 Rxd3 21. Rxf2 Rxc3+ 22. Kb2 Re3+ 23. Kb1 Rd8 24. Kc1 Bxa1 25.
Rd2 Rxd2 26. Kxd2 Re7 27. Ng5 h6 28. Nf3 f5 29. Ng1 g5 30. hxg5 hxg5 31. b4 Nxb4 32.
a4 g4 33. Ne2 a6 34. Ng3 Re5 35. Ne2 b5 36. axb5 axb5 37. Nf4 Kf7 38. g3 Rc5 39.
Ke1 Be5 40. Ne2 Nd3+ 41. Kd2 b4 42. Nf4 Bxf4+ 43. gxf4 b3 0-1

[Event "Live Chess"]
[Site "Chess.com"]
[Date "2024.06.02"]
[Round "-"]
[White "IgorSchukin"]
[Black "dmitro74"]
[Result "0-1"]
[WhiteElo "1736"]
[BlackElo "1718"]
[TimeControl "300"]
[EndTime "16:31:37 PDT"]
[Termination "dmitro74 won by resignation"]

1. e4 e6 2. Nf3 d5 3. Nc3 d4 4.
Ne2 c5 5. d3 Nc6 6. Ng3 e5 7.
Be2 Nf6 8. h3 Be6 9. O-O Be7 10.
Nh2 b5 11. f4 exf4 12. Bxf4 Bd6 13. Bxd6 Qxd6 14. Nf5 Bxf5 15. Rxf5 O-O 16. e5 Nxe5 17.
Bf3 Rae8 18. Ng4 Nfxg4 19. Bxg4 Nxg4 20. Qxg4 g6 21. Rf2 f5 22. Qf3 Re3 23. Qf4 Qxf4 24. Rxf4 Rfe8 25. a4 Re1+ 26. Rf1 Rxa1 27. Rxa1 b4 28.
Rc1 a5 29. c3 dxc3 30. bxc3 Re2 31. cxb4 cxb4 32. Rc5 b3 33. Kf1 Ra2 34. Rb5 b2 35. d4 Ra1+ 36. Ke2 b1=Q 0-1

[Event "Live Chess"]
[Site "Chess.com"]
[Date "2024.06.02"]
[Round "-"]
[White "CheckThis4"]
[Black "Crowded_House"]
[Result "1-0"]
[WhiteElo "2690"]
[BlackElo "1727"]
[TimeControl "300"]
[EndTime "16:31:43 PDT"]
[Termination "CheckThis4 won by resignation"]

1. d4 e6 2. Nc3 d5 3. e4 dxe4 4.
Nxe4 Bd7 5. Nf3 Bc6 6. Neg5 h6 7. Nxe6 fxe6 8. Bd3 Qf6 9. Ne5 Bxg2 10. Rg1 Bc6 11.
Qh5+ Ke7 12. Ng6+ Kd7 13. Nxh8 Bf3 14. Qf7+ Qxf7 15. Nxf7 Nc6 16. Bb5 a6 17. Ne5+ Kd6 18. Bxc6 bxc6 19. Nxf3 Nf6 20. Bf4+ Kd7 21. Ne5+ Kd6 22. c4 Nh5 23. Be3 Nf6 24. O-O-O Nd7 25. c5+ Kd5 26. Nxd7 1-0

[Event "Live Chess"]
[Site "Chess.com"]
[Date "2024.06.02"]
[Round "-"]
[White "Yegorych"]
[Black "Rusty_Bridges"]
[Result "0-1"]
[WhiteElo "1508"]
[BlackElo "1479"]
[TimeControl "300"]
[EndTime "16:31:51 PDT"]
[Termination "Rusty_Bridges won on time"]

1. d4 d5 2. c4 e6 3. Nc3 Bb4 4. a3 Bxc3+ 5. bxc3 c6 6. Nf3 Nd7 7. e3 Ngf6 8. a4 Ne4 9. Qc2 Qf6 10. Ba3 b6 11. Bd3 Ng5 12. Nxg5 Qxg5 13. O-O Bb7 14. Bd6 h5 15. a5 h4 16. h3 f5 17. Rfb1 Qd8 18.
Bf4 g5 19. Bh2 Ke7 20. cxd5 cxd5 21. Bxf5 exf5 22. Qxf5 Qf8 23. Qxg5+ Qf6 24. Bd6+ Kxd6 25. Qg4 Rag8 26. Qf4+ Qxf4 27. exf4 Rf8 28. axb6 axb6 29. Ra7 Kc7 30. Rb5 Rxf4 31. Ra2 Rg8 32. Re2 Rf7 33. Rbb2 Rfg7 34. f3 Rg3 35. Rbc2 Rxh3 36. c4 Rxf3 37.
cxd5+ Kb8 38. Rb2 h3 39. Kh1 hxg2+ 40. Rxg2 Rxg2 41. Rxg2 Bxd5 42. Rg8+ Kc7 43. Rg7 Rf7+ 0-1

[Event "Live Chess"]
[Site "Chess.com"]
[Date "2024.06.02"]
[Round "-"]
[White "Queensandpawns"]
[Black "KeithArkell"]
[Result "0-1"]
[WhiteElo "2313"]
[BlackElo "2411"]
[TimeControl "300"]
[EndTime "16:32:03 PDT"]
[Termination "KeithArkell won by resignation"]

1. e4 c6 2. d4 d5 3. Nc3 g6 4.
h4 h5 5. e5 Bf5 6. Nf3 e6 7. Bd3 Bxd3 8. Qxd3 Nh6 9. Ng5 Nf5 10.
f3 Qb6 11. Ne2 Na6 12. g4 Nb4 13. Qb3 hxg4 14. fxg4 Nxd4 15. Nxd4 Qxd4 16. Qf3 Qxe5+ 17. Be3 Nxc2+ 18. Kf2 Qxe3+ 19. Qxe3 Nxe3 20. Kxe3 Be7 21. Kf4 Kd7 22. Raf1 Raf8 0-1

[Event "Live Chess"]
[Site "Chess.com"]
[Date "2024.06.02"]
[Round "-"]
[White "Frankie_Badacsonyi"]
[Black "AlexanderMatlak"]
[Result "0-1"]
[WhiteElo "2435"]
[BlackElo "2402"]
[TimeControl "300"]
[EndTime "16:32:08 PDT"]
[Termination "AlexanderMatlak won by resignation"]

1. d4 Nf6 2. c4 c5 3. Nf3 cxd4 4. Nxd4 b6 5. Nc3 Bb7 6. Bg5 d6 7. Bxf6 gxf6 8. Nf3 e6 9. g3 a6 10. Bg2 Nd7 11.
O-O Qc7 12. b3 h5 13. h4 f5 14. Rc1 Be7 15. Qd3 f4 16. gxf4 Rg8 17. e4 Rg4 18. f5 O-O-O 19. b4 Rdg8 20. Ne1 Ne5 21. Qe2 Kb8 22. f4 Nxc4 23. Nd1 b5 24. Nf2 Rxf4 25.
Ned3 Rxh4 26. a4 Qb6 27. axb5 axb5 28. Rfe1 Rhg4 0-1

[Event "Live Chess"]
[Site "Chess.com"]
[Date "2024.06.02"]
[Round "-"]
[White "NebodarMatevich"]
[Black "vincents82"]
[Result "0-1"]
[WhiteElo "1564"]
[BlackElo "2030"]
[TimeControl "300"]
[EndTime "16:32:34 PDT"]
[Termination "vincents82 won by resignation"]

1. e4 d5 2. exd5 Qxd5 3. Nf3 Bg4 4. Be2 Nc6 5. c4 Qf5 6. d4 O-O-O 7. Nc3 Bxf3 8.
Bxf3 Nxd4 9. Be4 Qe5 10. Qf3 Nxf3+ 0-1

[Event "Live Chess"]
[Site "Chess.com"]
[Date "2024.06.02"]
[Round "-"]
[White "AndrewBak1"]
[Black "grillage"]
[Result "1-0"]
[WhiteElo "1885"]
[BlackElo "1842"]
[TimeControl "300"]
[EndTime "16:32:40 PDT"]
[Termination "AndrewBak1 won by resignation"]

1. e4 d5 2. exd5 Qxd5 3. d3 Nf6 4. Nf3 Bg4 5. Be2 e6 6. Nc3 Qd8 7. O-O c6 8. Ne5 Bxe2 9. Qxe2 Nbd7 10. Bf4 Nxe5 11.
Bxe5 Bd6 12. Rfe1 Bxe5 13. Qxe5 O-O 14. Ne4 Nxe4 15. Rxe4 Qd5 16. Qg3 Rfd8 17. Rg4 g6 18.
h4 Qd6 19. Qh3 h5 20. Re4 Qd5 21. a3 Qb5 22. Rb4 Qc5 23. Rxb7 Qxc2 24. Qf3 Rf8 25. Qe3 a5 26. Rc1 Qa4 27. Qe4 Qxe4 28. dxe4 Rfd8 29. Rxc6 Rd1+ 30. Kh2 Rd2 31. f3 Rad8 32. Rcc7 Rf8 33. Rc5 Ra8 34. Rbb5 a4 35. Rb7 Re2 36. Kg3 Rd8 37.
Rcc7 Rf8 38. Rc4 Rd8 39. Rcc7 Rf8 40. Ra7 Rxb2 41. Rxa4 Ra2 42. Raa7 Kg7 43. a4 Kf6 44.
f4 Ra3+ 45. Kf2 Ra2+ 46. Kf3 Ra3+ 47. Ke2 Ra2+ 48. Kd3 Rxg2 49. e5+ Kg7 50. a5 Rg4 51. Ke4 Rxh4 52. a6 Rh3 53. Rc6 Ra3 54. Rxe6 h4 55. Rb6 h3 56. e6 h2 57. Rb1 Rh3 58. Rh1 Kf6 59. Rxf7+ Rxf7 60. exf7 Kxf7 61. a7 Ra3 62.
Rxh2 Rxa7 63. Rh7+ 1-0

[Event "Live Chess"]
[Site "Chess.com"]
[Date "2024.06.02"]
[Round "-"]
[White "TheSmoulderingMaster"]
[Black "GEMdzq"]
[Result "0-1"]
[WhiteElo "1747"]
[BlackElo "2299"]
[TimeControl "300"]
[EndTime "16:32:46 PDT"]
[Termination "GEMdzq won by resignation"]

1. e4 Nf6 2. e5 Nd5 3. d4 d6 4. c4 Nb6 5. f4 g6 6. Nf3 Bg7 7. Be3 O-O 8. Nc3 dxe5 9. fxe5 Nc6 10.
Qd2 Bg4 11. Be2 Bxf3 12. Bxf3 Nxc4 13. Qd3 Nxe3 14. Qxe3 Nb4 15. O-O c6 16. Qg5 Qxd4+ 17. Kh1 Qxe5 18. Qg4 Nc2 19. Rac1 Ne3 0-1

[Event "Live Chess"]
[Site "Chess.com"]
[Date "2024.06.02"]
[Round "-"]
[White "booktrunk"]
[Black "educatedlad"]
[Result "1/2-1/2"]
[WhiteElo "1486"]
[BlackElo "1712"]
[TimeControl "300"]
[EndTime "16:33:13 PDT"]
[Termination "Game drawn by repetition"]

1. d4 Nf6 2. Nc3 d5 3. Bf4 g6 4.
e3 Bg7 5. Nb5 Na6 6. Nf3 c6 7. Nc3 Nc7 8. Qd2 Nh5 9. Bg3 Nxg3 10.
fxg3 Bg4 11. h3 Bxf3 12. gxf3 Qd6 13. f4 O-O 14. Bg2 Rae8 15. O-O-O b5 16. Rhe1 a5 17. Nb1 Na6 18. c3 b4 19. Qc2 bxc3 20. Nxc3 Nb4 21. Qa4 e6 22. a3 c5 23. axb4 cxb4 24. Nb5 Rc8+ 25. Kb1 Qa6 26. Bf1 Qb6 27. b3 Rc6 28. Rc1 Rfc8 29. Rxc6 Rxc6 30. Rc1 Rxc1+ 31. Kxc1 Qc6+ 32.
Kd2 Qd7 33. Qxa5 Bf8 34. Qc7 Qe8 35. Nd6 Bxd6 36. Qxd6 Qa8 37. Qc7 Qa2+ 38. Qc2 Qa1 39. Ke2 h5 40. Kf2 Qa7 41. Qd2 Qa3 42. Qc2 Qa7 43.
Bd3 Qa1 44. Kg2 Qe1 45. Qe2 Qc3 46. Bc2 Kg7 47. h4 f5 48. Kh3 Qa1 49. Qg2 Qe1 50. Bb1 Qxb1 51. Kh2 Qxb3 52. Qd2 Qc3 53. Qd1 b3 54. Kh3 Qc2 55. Qa1 b2 56. Qa7+ Kf6 57. Qd7 b1=Q 58. Qd8+ Kf7 59. Qd7+ Kf8 60. Qd8+ Kf7 61. Qd7+ Kg8 62. Qe8+ Kh7 63. Qf7+ Kh8 64. Qf8+ Kh7 65. Qf7+ Kh8 66. Qf8+ Kh7 67. Qf7+ 1/2-1/2

[Event "Live Chess"]
[Site "Chess.com"]
[Date "2024.06.02"]
[Round "-"]
[White "koekoekoe"]
[Black "KwikPhoenix"]
[Result "0-1"]
[WhiteElo "1964"]
[BlackElo "2446"]
[TimeControl "300"]
[EndTime "16:33:22 PDT"]
[Termination "KwikPhoenix won by resignation"]

1. d4 f5 2. Bf4 e6 3. e3 Nf6 4. c4 d6 5. Nc3 Be7 6. Nf3 O-O 7. h3 a5 8. Be2 Qe8 9. O-O Bd7 10. Rc1 Na6 11. a3 h6 12. Qb3 Rb8 13. Nb5 Ne4 14. Bd3 g5 15. Bh2 Qh5 16. Bxe4 fxe4 17. Nd2 Qg6 18.
Qc2 d5 19. cxd5 Bxb5 20. Rfd1 exd5 21. Qb3 Bc6 22. Be5 Bd6 23. Bxd6 Qxd6 24. Nxe4 Qd7 25. Ng3 Ba4 26. Qd3 Bxd1 27. Rxd1 Qf7 28. Rd2 Rbd8 29.
Qb5 Rd6 30. Qxb7 Rb6 31. Qa7 Rc8 32. Rc2 Qe8 33. Nf5 Ra8 34. Rxc7 Rxa7 35. Rxa7 Re6 36.
Rg7+ Kf8 37. Rh7 Rf6 38. Rh8+ Kf7 39. Rxe8 Kxe8 40. Ng7+ Kf7 41. Nh5 Rb6 42. Ng3 Rxb2 43. Nf5 h5 44. Nd6+ Ke6 45. Nb7 Rxb7 0-1

[Event "Live Chess"]
[Site "Chess.com"]
[Date "2024.06.02"]
[Round "-"]
[White "Sir_Sigmund"]
[Black "nigelst"]
[Result "1-0"]
[WhiteElo "1854"]
[BlackElo "1713"]
[TimeControl "300"]
[EndTime "16:33:47 PDT"]
[Termination "Sir_Sigmund won by resignation"]

1. e4 c6 2. Be2 d5 3. d3 dxe4 4.
dxe4 Qxd1+ 5. Bxd1 e5 6. Nf3 Nd7 7. Be3 Ngf6 8. Nbd2 Bd6 9. Be2 O-O 10. O-O-O Ng4 11.
Nc4 Bc7 12. Rd3 Nxe3 13. Rxe3 Bb6 14. Nxb6 axb6 15. a3 Nc5 16. Bc4 Re8 17. Rd1 Be6 18.
Nxe5 Bxc4 19. Nxc4 Rxe4 20. Rxe4 Nxe4 21. f3 Nc5 22.
Re1 b5 23. Nd6 g6 24. Re7 b6 25. Kd2 Rd8 26. Re8+ Rxe8 27. Nxe8 Kf8 28. Nf6 h5 29. b4 Ne6 30. Nd7+ Ke7 31. Nxb6 Nf4 32. g3 Ne6 33. c3 g5 34. a4 bxa4 35. Nxa4 h4 36. Kd3 f5 37. c4 f4 38. gxh4 gxh4 39. Ke4 Kf6 40. Nc3 Kg5 41. h3 Nc7 42. Ke5 Na6 43.
b5 cxb5 44. cxb5 Nc5 45. Ne4+ Nxe4 46. Kxe4 Kf6 47. Kxf4 1-0

[Event "Live Chess"]
[Site "Chess.com"]
[Date "2024.06.02"]
[Round "-"]
[White "Rusty_Bridges"]
[Black "KeithArkell"]
[Result "0-1"]
[WhiteElo "1479"]
[BlackElo "2411"]
[TimeControl "300"]
[EndTime "16:33:52 PDT"]
[Termination "KeithArkell won by resignation"]

1. e4 c6 2. Nf3 d5 3. exd5 cxd5 4. d4 Nf6 5. c3 Nc6 6. Bd3 Bg4 7. O-O e6 8. Qe1 Bxf3 9. gxf3 Bd6 10. Bg5 h6 11.
Bh4 g5 12. Bg3 Nh5 13. Nd2 Nf4 14. Bc2 h5 15. h4 gxh4 16. Bxf4 Bxf4 17. Kh1 Qg5 18.
Rg1 Bxd2 0-1

[Event "Live Chess"]
[Site "Chess.com"]
[Date "2024.06.02"]
[Round "-"]
[White "CarmelJane"]
[Black "Tushinskiy"]
[Result "1-0"]
[WhiteElo "2078"]
[BlackElo "2208"]
[TimeControl "300"]
[EndTime "16:33:55 PDT"]
[Termination "CarmelJane won by resignation"]

1. Nf3 d5 2. b3 c6 3. Bb2 Nf6 4. e3 Bf5 5. Be2 Bg6 6. d3 Nbd7 7. Nbd2 e6 8. a3 Bd6 9. O-O Qe7 10. c4 Kf8 11. b4 h5 12. c5 Bc7 13. Nh4 Bh7 14. Nhf3 e5 15. Ng5 Bg6 16. Ndf3 e4 17. dxe4 dxe4 18.
Nh4 Ne5 19. Nxg6+ Nxg6 20. Bc4 Bxh2+ 21. Kxh2 Ng4+ 22. Kg1 Qxg5 23. Qd6+ Kg8 24. Rad1 h4 25. Qc7 Rf8 26. f4 exf3 27. Rxf3 Nxe3 28. Bxf7+ Kh7 29. Bxg6+ Qxg6 30. Rxe3 Rf7 31. Qh2 Qg4 32. Rd4 Rhf8 33. Qxh4+ Qxh4 34. Rxh4+ Kg8 35. Reh3 Rf1+ 36. Kh2 R8f2 37.
Be5 Re2 38. Bd6 Ra1 39. Rh8+ Kf7 40. Rf8+ Kg6 41. Rg3+ Kh7 42. Rf7 Raa2 43. Rgxg7+ Kh6 44. Bf4+ Kh5 45. Rg5+ 1-0

[Event "Live Chess"]
[Site "Chess.com"]
[Date "2024.06.02"]
[Round "-"]
[White "educatedlad"]
[Black "GEMdzq"]
[Result "0-1"]
[WhiteElo "1711"]
[BlackElo "2300"]
[TimeControl "300"]
[EndTime "16:34:33 PDT"]
[Termination "GEMdzq won by resignation"]

1. d4 Nf6 2. Bg5 c5 3. Bxf6 gxf6 4. d5 Qb6 5. Qc1 d6 6. c4 f5 7. Nc3 Bg7 8. e3 Bd7 9. Qc2 Na6 10. Bd3 Nb4 11. Qd1 Nxd3+ 12. Qxd3 Qxb2 13. Rb1 Qxc3+ 14. Qxc3 Bxc3+ 0-1

[Event "Live Chess"]
[Site "Chess.com"]
[Date "2024.06.02"]
[Round "-"]
[White "AlexanderMatlak"]
[Black "Queensandpawns"]
[Result "1-0"]
[WhiteElo "2408"]
[BlackElo "2307"]
[TimeControl "300"]
[EndTime "16:34:47 PDT"]
[Termination "AlexanderMatlak won by resignation"]

1. c4 d5 2. cxd5 c6 3. dxc6 Nxc6 4. Nf3 e5 5. e4 Nf6 6. Nc3 Bg4 7. Be2 Bc5 8. O-O Qd7 9. d3 Rd8 10. Bg5 h6 11.
Bxf6 gxf6 12. Nd5 Be7 13. Rc1 Rg8 14. Kh1 f5 15. Qa4 fxe4 16. dxe4 Nd4 17. Qxd7+ Bxd7 18. Nxd4 exd4 19. Rfd1 1-0

[Event "Live Chess"]
[Site "Chess.com"]
[Date "2024.06.02"]
[Round "-"]
[White "jk0110"]
[Black "raclement"]
[Result "0-1"]
[WhiteElo "1222"]
[BlackElo "1718"]
[TimeControl "300"]
[EndTime "16:35:15 PDT"]
[Termination "raclement won on time"]

1. e4 c5 2. d4 cxd4 3. c3 d3 4.
Bxd3 g6 5. Nf3 Bg7 6. Bf4 Nc6 7. O-O Nf6 8. Qd2 O-O 9. Bh6 d5 10. exd5 Qxd5 11. Bxg7 Kxg7 12. c4 Qa5 13. Qf4 Be6 14. Nc3 Rad8 15. Bc2 Bxc4 16. Qxc4 a6 17. Qh4 h6 18. Ne4 Nxe4 19. Bxe4 e6 20. a3 Qb6 21.
Rad1 Qc7 22. Bxc6 bxc6 23. Rxd8 Rxd8 24. Ne5 Rd5 25. f4 c5 26. Kh1 c4 27. Qg3 Qb7 28.
Qc3 Kg8 29. Nxc4 Rc5 30. Rc1 Qc7 31. b3 a5 32. Qf6 a4 0-1

[Event "Live Chess"]
[Site "Chess.com"]
[Date "2024.06.02"]
[Round "-"]
[White "KwikPhoenix"]
[Black "TheSmoulderingMaster"]
[Result "0-1"]
[WhiteElo "2430"]
[BlackElo "1763"]
[TimeControl "300"]
[EndTime "16:35:21 PDT"]
[Termination "TheSmoulderingMaster won by checkmate"]

1. b3 d5 2. Bb2 Nc6 3. e3 e5 4.
Bb5 Bd6 5. Nf3 Nf6 6. Nxe5 O-O 7.
Nxc6 bxc6 8. Bxc6 Rb8 9. h3 Ba6 10. d3 Bb4+ 11. Bc3 Bxc3+ 12. Nxc3 Qd6 13. Ba4 Qe5 14. d4 Qg5 15. Ne2 Qxg2 16. Rg1 Qxh3 17. Qd2 Ne4 18. Qc1 Qf3 19. c3 Qxe2# 0-1

[Event "Live Chess"]
[Site "Chess.com"]
[Date "2024.06.02"]
[Round "-"]
[White "booktrunk"]
[Black "RichardABates"]
[Result "0-1"]
[WhiteElo "1486"]
[BlackElo "2311"]
[TimeControl "300"]
[EndTime "16:35:27 PDT"]
[Termination "RichardABates won by resignation"]

1. d4 Nf6 2. Nc3 d5 3. Bf4 c5 4. dxc5 Nc6 5. e3 e5 6. Bg5 Be6 7.
Bxf6 gxf6 8. Nf3 Bxc5 9. Be2 Rg8 10. O-O Bh3 11. Kh1 Bxg2+ 0-1

[Event "Live Chess"]
[Site "Chess.com"]
[Date "2024.06.02"]
[Round "-"]
[White "ShanthamGrarks"]
[Black "NeilDruggan73"]
[Result "1-0"]
[WhiteElo "1840"]
[BlackElo "1741"]
[TimeControl "300"]
[EndTime "16:35:44 PDT"]
[Termination "ShanthamGrarks won by resignation"]

1. d4 Nf6 2. Nc3 g6 3. e4 Bg7 4. e5 Ng8 5. f4 e6 6. Nf3 d6 7. Bd3 dxe5 8. dxe5 Ne7 9. Be3 O-O 10. Qe2 b6 11. O-O-O Nd5 12. Nxd5 exd5 13. Ng5 c6 14. h4 h5 15. Nxf7 Rxf7 16. Bxg6 Bg4 17. Bxf7+ Kxf7 18. Qd3 Bxd1 19. Qxd1 Qd7 20. Qxh5+ Kg8 21. f5 Qf7 22.
Qg4 Kh8 23. h5 Bxe5 24. h6 Nd7 25. Bd4 Rg8 26. Bxe5+ Nxe5 27. Qd4 Qxf5 28. h7 Rg7 29. Re1 Re7 30. Kb1 Kxh7 31. g4 Qg5 32.
Rh1+ Kg8 33. a3 Qxg4 34. Rg1 Qxg1+ 35. Qxg1+ Rg7 36. Qh2 Nc4 37. Qb8+ Kh7 38. Qc8 c5 39. Qf5+ Kh6 40. Qxd5 Nd2+ 41. Qxd2+ Rg5 42. Ka2 Kh5 43. Qd7 a5 44. Qe8+ Rg6 45. a4 Kg5 46. Kb3 Rf6 47. Qd8 Kg6 48. Qg8+ Kf5 49. Kc4 Rg6 50. Qd5+ Kf6 51.
Kb5 Kg7 52. Qc6 1-0

[Event "Live Chess"]
[Site "Chess.com"]
[Date "2024.06.02"]
[Round "-"]
[White "WelshTiger"]
[Black "TigerTank70"]
[Result "1-0"]
[WhiteElo "2475"]
[BlackElo "2234"]
[TimeControl "300"]
[EndTime "16:35:55 PDT"]
[Termination "WelshTiger won on time"]

1. e4 e5 2. Nf3 Nc6 3. d4 exd4 4. Bc4 Be7 5. Nxd4 Bf6 6. c3 Nge7 7. O-O O-O 8. Be3 d5 9. exd5 Nxd5 10. Nxc6 bxc6 11.
Bd4 Rb8 12. b4 Bf5 13. Bxd5 cxd5 14. Bxa7 Rxb4 15. cxb4 Bxa1 16. Bd4 Bxb1 17. Bxa1 Bxa2 18. Bxg7 Kxg7 19. Qa1+ Qf6 20. Qxa2 Rd8 21. Qc2 Qd6 22. Rc1 d4 23. Qxc7 Qxc7 24. Rxc7 Rb8 25. Rc4 d3 26. Rd4 d2 27. Rxd2 Rxb4 28. g3 Kg6 29. Kg2 f6 30. Rd8 Kg7 31. Kh3 Kg6 32. f3 Rb2 33. Rg8+ Kf7 34.
Ra8 Kg7 35. Ra4 Kg6 36. Rg4+ Kf7 37. Rh4 Kg6 38. Kg4 f5+ 39. Kh3 Rf2 40. Rf4 Kg5 41. Rh4 h6 42. f4+ Kg6 43. g4 Rf3+ 44. Kg2 Rxf4 45. gxf5+ Rxf5 46. Ra4 Kg5 47. Kg3 Rb5 48. Ra3 Kg6 49. h3 Rb6 50. Ra4 Rc6 51. Kh4 Rb6 52. Rg4+ Kh7 53. Kh5 Rb5+ 54. Kh4 Rb6 55. Rc4 Rb7 56. Kg4 Ra7 57. h4 Rg7+ 58. Kh5 Ra7 59. Rc5 Rb7 60. Kg4 Rb4+ 61. Kh5 Rb7 62.
Rc6 Rb5+ 63. Kg4 Ra5 64. h5 Ra4+ 65. Kg3 Ra5 66. Rc7+ Kg8 67. Kg4 Rb5 68. Ra7 Rc5 69. Ra6 Kg7 70. Rg6+ Kh7 71. Rb6 Rd5 72. Rb7+ Kh8 73.
Rb1 Rc5 74. Rh1 Rd5 75. Kf4 Kg7 76. Ke4 Ra5 77. Rg1+ Kh7 78. Rh1 Kg7 79. Kf4 Kh7 80. Kg4 Kg7 81. Rb1 Ra4+ 82. Kg3 Ra3+ 83. Kf4 Ra4+ 84.
Ke5 Ra5+ 85. Ke6 Rxh5 86. Rg1+ Rg5 87. Ra1 Kg6 88. Ra8 h5 89. Rh8 Rg4 90. Ke5 Rg5+ 91.
Kf4 Ra5 92. Rg8+ Kh7 93. Rb8 h4 94. Kg4 Kh6 95. Rb6+ Kg7 96. Kh3 Ra3+ 97. Kxh4 Ra4+ 98. Kg3 Ra3+ 99. Kg4 Ra4+ 100. Kf5 Ra5+ 101. Ke6 Ra1 102. Rb7+ Kg6 103. Rb2 Re1+ 104. Kd5 Rd1+ 105. Kc4 Rc1+ 106. Kd3 Rf1 107. Ke2 Rh1 108. Kf3 Rh3+ 109. Kg4 Rh8 110. Rb6+ Kf7 111. Kg5 Rh2 112. Rb7+ Ke6 113. Rb6+ Kd5 114. Rb1 Kc4 115. Rd1 Rg2+ 116. Kf4 Rc2 117. Rd8 Kb3 118. Rb8+ Kc3 119. Rd8 1-0

[Event "Live Chess"]
[Site "Chess.com"]
[Date "2024.06.02"]
[Round "-"]
[White "MagnersCarlsberg2870"]
[Black "viktor_forever1994"]
[Result "0-1"]
[WhiteElo "1773"]
[BlackElo "1387"]
[TimeControl "300"]
[EndTime "16:35:57 PDT"]
[Termination "viktor_forever1994 won on time"]

1. d4 Nf6 2. Nf3 d5 3. e3 e6 4. Bd3 c5 5. c3 c4 6. Bc2 Be7 7. Ne5 O-O 8. Nd2 h6 9. f4 Nbd7 10. O-O b6 11. Qe2 Bb7 12. Rf3 Ne4 13. Rh3 Nxe5 14.
fxe5 f5 15. Nf3 Bg5 16. Bxe4 fxe4 17. Nxg5 Qxg5 18. Rg3 Qe7 19. Qh5 Kh8 20. Bd2 Rf5 21. Qg6 Raf8 22. Rd1 Qf7 23. Qxf7 R8xf7 24. h3 Rf2 25. Rg6 Bc8 26. b3 b5 27. Rg3 Kh7 28. Rg4 a5 29. g3 h5 30. Rf4 R2xf4 31. exf4 Rb7 32. g4 g6 33. Rf1 b4 34. cxb4 axb4 35.
bxc4 dxc4 36. Rb1 b3 37. axb3 cxb3 38. gxh5 gxh5 39. Kf2 Kg6 40. Kg3 Kf5 41. Kf2 h4 42. Ke2 Rb6 43. Bc3 Ba6+ 44. Kd2 Bd3 45. Rb2 Bc4 46. Ke3 Bd3 47. Bd2 Bc2 48. Bc3 Rc6 49.
Bd2 Rc4 50. Be1 Rc7 51. Bd2 Rg7 52. Be1 Rg2 53. Bxh4 Rh2 54. Be1 Rxh3+ 55. Kd2 Rd3+ 56. Ke2 Rxd4 57. Bd2 Rc4 58. Be3 Rc8 59. Kd2 Rg8 60.
Kc3 Rg2 61. Bc1 Rg3+ 62. Kb4 Rg2 63. Kc5 Rf2 64. Kd6 Rf3 65. Kd7 Rh3 66. Ke7 Rh7+ 67. Kd6 Rh6 68. Kc5 Rh8 69. Kb4 Rc8 70. Ka3 Rb8 0-1

[Event "Live Chess"]
[Site "Chess.com"]
[Date "2024.06.02"]
[Round "-"]
[White "MaksymYurii"]
[Black "StoreySniper"]
[Result "0-1"]
[WhiteElo "952"]
[BlackElo "2531"]
[TimeControl "300"]
[EndTime "16:36:10 PDT"]
[Termination "StoreySniper won on time"]

1. e4 g6 2. Nc3 Bg7 3. d4 c5 4. e5 cxd4 5. Qxd4 Nc6 6. Qe4 Bxe5 7.
Nf3 Nf6 8. Qe2 Bxc3+ 9. bxc3 Qa5 10. Bd2 d6 11. g3 Bg4 12. Bg2 Ne5 13. O-O Qd5 14.
Nxe5 Bxe2 15. Bxd5 Nxd5 16. Rfe1 Ba6 17. Nd3 Rc8 18. Nb4 Nxb4 19. cxb4 Rxc2 20. Bg5 e6 21. Bf6 Rg8 22. a4 Bc4 23. Rad1 Kd7 24. Be5 Bd5 25. Bd4 a6 26. b5 axb5 27. axb5 Rgc8 28. b6 R8c4 29. Be3 f5 30. Ra1 Bc6 31. Red1 e5 32. f4 Rg2+ 33. Kf1 exf4 34. Bxf4 Rxf4+ 35. gxf4 Rxh2 36. Re1 Rb2 37. Rab1 Rh2 38. Kg1 Rh4 39. Kf2 Rxf4+ 40. Kg3 Rg4+ 41. Kh3 h5 0-1

[Event "Live Chess"]
[Site "Chess.com"]
[Date "2024.06.02"]
[Round "-"]
[White "Dhaydon19"]
[Black "toog"]
[Result "1/2-1/2"]
[WhiteElo "2676"]
[BlackElo "2606"]
[TimeControl "300"]
[EndTime "16:36:21 PDT"]
[Termination "Game drawn by repetition"]

1. Nf3 Nf6 2. e3 g6 3. b3 Bg7 4. Bb2 O-O 5. Be2 d6 6. O-O e5 7.
c4 Nc6 8. Nc3 Re8 9. d3 e4 10.
dxe4 Nxe4 11. Qc2 Bf5 12. Nxe4 Bxe4 13. Qd2 a5 14. Bxg7 Kxg7 15. Rac1 a4 16. b4 a3 17. b5 Ne5 18. Nd4 Qf6 19. f3 Bf5 20. e4 Bc8 21. Rfd1 Nd7 22. Qc3 Nc5 23. Rd2 Kg8 24.
Nb3 Qxc3 25. Rxc3 Na4 26. Re3 Be6 27. Nd4 Nc5 28. Rc2 Ra4 29. Rcc3 Rea8 30. Nc2 f5 31. exf5 Bxf5 32. Nd4 Kf7 33. f4 Ne6 34. Nxe6 Bxe6 35. g3 b6 36. Kf2 Rb4 37. Rb3 Rxb3 38. Rxb3 Ra4 39. Rc3 Bf5 40. Bd1 Ra8 41. Ke3 Kf6 42. Kd2 Be6 43. Bc2 d5 44. cxd5 Bxd5 45. Bb1 Ra5 46. Kc1 Rxb5 47. Rxa3 Be6 48. Bd3 Rh5 49. h4 Rc5+ 50. Kd2 Bf5 51. Be2 Rc2+ 52. Kd1 Rc5 53. Re3 Be6 54. a3 Bf5 55. Ke1 h5 56. Bd1 Rc4 57. Kd2 b5 58. Rc3 Rxc3 59. Kxc3 c5 60.
Be2 Bd7 61. Bd3 Bc6 62. Bc2 Bd7 63. Bd3 Bc6 64. Bc2 Bd7 65. Be4 Be8 66. Bd3 Bc6 1/2-1/2

[Event "Live Chess"]
[Site "Chess.com"]
[Date "2024.06.02"]
[Round "-"]
[White "EPotapov05"]
[Black "IgorSchukin"]
[Result "0-1"]
[WhiteElo "1789"]
[BlackElo "1745"]
[TimeControl "300"]
[EndTime "16:36:29 PDT"]
[Termination "IgorSchukin won by resignation"]

1. d4 d5 2. c4 Nf6 3. cxd5 Nxd5 4. e4 Nf6 5. Nc3 e5 6. Nf3 exd4 7. Qxd4 Qxd4 8. Nxd4 Bb4 9. Bd3 c6 10. Bd2 O-O 11.
a3 Bc5 12. Nb3 Bb6 13. O-O Be6 14. Nc1 Rd8 15. Re1 Nbd7 16. Be3 Ne5 17. Bc2 Bxe3 18. Rxe3 Nc4 19. Re1 Rd2 20. Re2 Rxe2 21. N1xe2 Rd8 22.
b3 Rd2 23. bxc4 Rxc2 24. Rc1 Rxc1+ 25. Nxc1 Bxc4 0-1

[Event "Live Chess"]
[Site "Chess.com"]
[Date "2024.06.02"]
[Round "-"]
[White "bear856"]
[Black "mychess51"]
[Result "1-0"]
[WhiteElo "2379"]
[BlackElo "1845"]
[TimeControl "300"]
[EndTime "16:37:21 PDT"]
[Termination "bear856 won by resignation"]

1. d4 e6 2. c4 d5 3. Nf3 Nf6 4. Nc3 Be7 5. Bg5 O-O 6. e3 Ne4 7. Bxe7 Qxe7 8. cxd5 Nxc3 9. bxc3 exd5 10. Bd3 Bg4 11.
O-O Qf6 12. h3 Bxf3 13. Qxf3 Qxf3 14. gxf3 b6 15. c4 dxc4 16. Bxc4 Nd7 17. Rac1 c5 18. Bb5 Rfd8 19. Bxd7 Rxd7 20. dxc5 bxc5 21. Rxc5 Rd2 22. Ra5 g6 23. f4 Kg7 24. Kg2 a6 25. Kf3 h5 26. f5 g5 27. h4 gxh4 28. Rh1 Rb8 29.
Rxa6 Rbb2 30. Rh2 Rxa2 31. Rxa2 Rxa2 32. Rxh4 Kh6 33. Kg3 Ra5 34. e4 Kg5 35. f3 Ra3 36. Rh1 f6 37. Rh2 Rb3 38. Rg2 Kh6 39. Kf4 Rb4 40.
Rg6+ Kh7 41. Rxf6 h4 42. Kg5 Rb3 43. Rh6+ Kg7 44. Rxh4 Rxf3 45. e5 Re3 46. e6 Re1 47.
f6+ Kg8 48. Kf5 Rf1+ 49. Rf4 Re1 50. Re4 Rf1+ 51. Ke5 Kf8 52. Re2 Rd1 53. Rh2 Re1+ 54. Kd5 Rd1+ 55. Kc4 Rc1+ 56. Kd3 Kg8 57. f7+ Kg7 58.
Rg2+ Kf8 59. Rg8+ Ke7 60. f8=Q+ Kxe6 61. Rg6+ 1-0